Devils vs Heat
Created - April 19, 2022 at 19:51
Goals
|
Devils |
0 |
3 |
2 |
5 |
Heat |
2 |
2 |
0 |
4 |
|
Shots
|
Devils |
6 |
17 |
14 |
37 |
Heat |
16 |
14 |
4 |
34 |
|
1st period
1. Heat , Jake DeBrusk 26 (Victor Rask 41) at 11:06
2. Heat , Barclay Goodrow 11 (Ryan Spooner 21, Rasmus Andersson 26) at 16:18
Penalties :
Mathieu Brodeur (Sto) for Interference (Minor) at 16:45
2nd period
3. Devils , Jonny Brodzinski 9 (Ben Hutton 30, Mason Marchment 5) at 1:23
4. Heat , Evgeny Svechnikov 14 (Greg Pateryn 23, Victor Rask 42) at 4:42
5. Devils , Logan Shaw 42 (Sven Baertschi 26, Sam Bennett 52) at 4:58
6. Heat , Jake DeBrusk 27 (Rasmus Andersson 27, Mathieu Brodeur 18) at 9:13 (PP)
7. Devils , Alan Quine 25 (Joonas Donskoi 31) at 11:34 (PP)
Penalties :
Ilya Lyubushkin (Bin) for High sticking (Minor) at 8:29, Philip Varone (Sto) for Holding (Minor) at 10:57, Matthew Nieto (Sto) for Holding (Minor) at 19:05
3rd period
8. Devils , Logan Shaw 43 (Brandon Carlo 24, Sam Bennett 53) at 5:17 (PP)
9. Devils , Logan Shaw 44 (Sam Bennett 54, Brandon Carlo 25) at 7:11 (PP)
Penalties :
Nico Sturm (Sto) for Interference (Minor) at 4:08, John Gilmour (Sto) for Hooking (Minor) at 6:55, Trevor Carrick (Sto) for Roughing (Minor) at 14:26, Conor Garland (Bin) for Tripping (Minor) at 19:55
Goalie Stats
Calvin Pickard (Bin), 30 saves from 34 shots - (0.882), W, 17-21-3, 60:00 minutes
Michael Hutchinson (Sto), 32 saves from 37 shots - (0.865), L, 21-15-5, 59:48 minutes
Players Stats for Devils
Player Name G A P +/- PIM S H SB GA TA FO MP PP MP PK MP
------------------------------------------------------------------------------------
Alan Quine 1 0 1 -1 0 4 1 0 0 0 7/12 17:18 2:54 0:00
Ben Hutton 0 1 1 1 0 3 2 0 0 1 0/0 26:05 5:25 0:39
Brandon Carlo 0 2 2 1 0 0 3 2 0 2 0/0 26:05 5:25 0:39
Brett Howden 0 0 0 1 0 0 0 0 0 0 0/2 7:27 0:00 0:00
Brett Seney 0 0 0 0 0 1 1 1 2 0 0/0 11:31 0:00 0:00
Christian Wolanin 0 0 0 1 0 0 0 1 0 0 0/0 10:08 0:00 0:00
Conor Garland 0 0 0 0 2 0 3 0 1 0 0/0 11:53 0:00 0:00
Cristiano Digiacinto 0 0 0 0 0 0 0 0 0 0 0/0 0:00 0:00 0:00
Dalton Thrower 0 0 0 -2 0 0 5 1 0 1 0/0 19:06 2:34 0:09
Ilya Lyubushkin 0 0 0 -2 2 2 0 0 0 1 0/0 18:56 2:34 0:00
Jake Bean 0 0 0 -1 0 0 0 1 0 0 0/0 4:41 0:00 0:00
Jonny Brodzinski 1 0 1 1 0 1 1 0 0 1 0/0 7:27 0:00 0:00
Joonas Donskoi 0 1 1 -1 0 5 1 1 1 1 0/0 16:55 2:54 0:00
Logan Shaw 3 0 3 -1 0 8 4 0 5 0 0/2 22:56 5:05 0:00
Mason Marchment 0 1 1 1 0 0 0 0 0 0 0/0 7:27 0:00 0:00
Reid Boucher 0 0 0 0 0 1 1 0 1 0 2/5 10:41 0:00 0:00
Robbie Russo 0 0 0 1 0 1 1 1 0 1 0/0 10:17 0:00 0:09
Sam Bennett 0 3 3 -1 0 4 3 0 0 2 16/38 23:44 5:05 0:48
Sven Baertschi 0 1 1 -1 0 6 1 0 1 0 0/1 23:44 5:05 0:48
Valeri Nichushkin 0 0 0 -1 0 1 2 1 0 0 2/7 18:08 2:54 0:00
Vincent Desharnais 0 0 0 -1 0 0 0 0 0 0 0/0 4:41 0:00 0:00
Players Stats for Heat
Player Name G A P +/- PIM S H SB GA TA FO MP PP MP PK MP
------------------------------------------------------------------------------------
Barclay Goodrow 1 0 1 1 0 2 3 1 0 0 0/0 12:00 0:00 0:00
Eric Karlsson 0 0 0 0 0 0 1 1 0 0 0/0 8:01 0:00 0:43
Evgeny Svechnikov 1 0 1 2 0 3 1 0 1 0 0/0 15:16 0:06 1:42
Frank Corrado 0 0 0 2 0 2 3 1 0 2 0/0 19:12 0:00 2:30
Greg Pateryn 0 1 1 2 0 4 0 0 2 2 0/0 19:04 0:00 2:18
Jake DeBrusk 2 0 2 2 0 3 1 1 2 1 0/0 19:07 0:06 5:28
Jesper Bratt 0 0 0 0 0 3 1 0 0 0 0/0 7:18 0:00 0:00
John Gilmour 0 0 0 1 2 1 1 0 0 1 0/0 12:09 0:00 0:04
Kevin Labanc 0 0 0 -2 0 5 0 2 1 0 1/1 19:00 0:42 0:00
Mathieu Brodeur 0 1 1 -2 2 0 2 1 0 1 0/0 27:44 0:48 4:28
Matthew Nieto 0 0 0 -2 2 5 3 1 0 0 0/1 18:59 0:42 0:00
Nico Sturm 0 0 0 0 2 1 2 0 0 1 0/0 9:03 0:00 1:42
Peter Cehlarik 0 0 0 1 0 1 2 0 1 0 1/2 13:08 0:00 1:08
Philip Varone 0 0 0 -2 2 0 3 0 1 0 23/39 23:16 0:06 4:44
Rasmus Andersson 0 2 2 -2 0 0 3 2 0 0 0/0 28:54 0:48 5:41
Ryan Spooner 0 1 1 1 0 2 1 1 1 1 8/9 12:31 0:00 0:31
Trevor Carrick 0 0 0 1 2 0 0 1 0 0 0/0 13:07 0:00 0:57
Victor Rask 0 2 2 2 0 2 3 0 1 2 7/15 14:06 0:42 0:00
3 Stars
1 - Logan Shaw (Bin)
2 - Jake DeBrusk (Sto)
3 - Brandon Carlo (Bin)
Power Play
Devils - 3 on 6 Attempt(s) - 50.00%
Heat - 1 on 2 Attempt(s) - 50.00%
Penalty Kill
Devils - 1 on 2 Attempt(s) - 50.00%
- Score 0 goal in Penalty Kill
Heat - 3 on 6 Attempt(s) - 50.00%
- Score 0 goal in Penalty Kill
Team Stat
Devils - Hits : 29 - Faceoff Wins : 27 - Blocked Shots : 9 - Penalty Minutes : 4
Heat - Hits : 30 - Faceoff Wins : 40 - Blocked Shots : 12 - Penalty Minutes : 12
Official
Referees : Chris Lee and Michael Markovic
Linesman : Jesse Marquis and James Tobias
Game Notes
Logan Shaw has scored a Hat Trick!
Reid Boucher is injured at 16:45 of 3rd period (Sore Left Knee)
Finance
Level 1 -- Attendance: 1879 (93.95%) -- Ticket Income $65,765
Level 2 -- Attendance: 908 (90.80%) -- Ticket Income $13,620
Total Attendance: 2787 (92.90%)
Total Ticket Income: $79,385
Other Income: $3,969
Total Income: $83,354
Devils
5 vs 5 Forward
Center Left Wing Right Wing Time % Phy DF OF
1 Sam Bennett Sven Baertschi Logan Shaw 40 0 2 3
2 Alan Quine Valeri Nichushkin Joonas Donskoi 30 0 2 3
3 Reid Boucher Brett Seney Conor Garland 20 0 2 3
4 Brett Howden Mason Marchment Jonny Brodzinski 10 0 2 3
5 vs 5 Defense
Defense Defense Time % Phy DF OF
1 Brandon Carlo Ben Hutton 40 1 3 1
2 Dalton Thrower Ilya Lyubushkin 30 1 3 1
3 Robbie Russo Christian Wolanin 20 1 3 1
4 Jake Bean Vincent Desharnais 10 1 3 1
PowerPlay Forward
Center Left Wing Right Wing Time % Phy DF OF
1 Sam Bennett Sven Baertschi Logan Shaw 60 0 1 4
2 Alan Quine Valeri Nichushkin Joonas Donskoi 40 0 1 4
PowerPlay Defense
Defense Defense Time % Phy DF OF
1 Brandon Carlo Ben Hutton 60 0 2 3
2 Dalton Thrower Ilya Lyubushkin 40 0 2 3
Penalty Kill 4 Players Forward
Center Wing Time % Phy DF OF
1 Sam Bennett Sven Baertschi 60 1 3 1
2 Alan Quine Valeri Nichushkin 40 1 3 1
Penalty Kill 4 Players Defense
Defense Defense Time % Phy DF OF
1 Brandon Carlo Ben Hutton 60 1 4 0
2 Dalton Thrower Ilya Lyubushkin 40 1 4 0
Penalty Kill - 3 Players Forward
Forward Time % Phy DF OF
1 Sam Bennett 60 1 2 2
2 Alan Quine 40 1 2 2
Penalty Kill - 3 Players Defense
Defense Defense Time % Phy DF OF
1 Brandon Carlo Ben Hutton 60 1 2 2
2 Dalton Thrower Ilya Lyubushkin 40 1 2 2
4 vs 4 Forward
Center Wing Time % Phy DF OF
1 Sam Bennett Sven Baertschi 60 1 2 2
2 Alan Quine Valeri Nichushkin 40 1 2 2
4 vs 4 Defense
Defense Defense Time % Phy DF OF
1 Brandon Carlo Ben Hutton 60 1 2 2
2 Dalton Thrower Ilya Lyubushkin 40 1 2 2
Last Minutes Offensive
Center Left Wing Right Wing Defense Defense
Sam Bennett Sven Baertschi Logan Shaw Brandon Carlo Ben Hutton
Last Minutes Defensive
Center Left Wing Right Wing Defense Defense
Sam Bennett Sven Baertschi Logan Shaw Brandon Carlo Ben Hutton
Goaltenders
Starting : Calvin Pickard
Backup : Juuse Saros
Extra Forwards
Normal : Valeri Nichushkin, Alan Quine, Reid Boucher - PP : Valeri Nichushkin, Alan Quine - PK : Valeri Nichushkin
Extra Defensemen
Normal : Christian Wolanin, Jake Bean, Vincent Desharnais - PP : Jake Bean - PK : Robbie Russo, Vincent Desharnais
Penalty Shots
Logan Shaw, Sven Baertschi, Sam Bennett, Joonas Donskoi, Valeri Nichushkin
Scratches
Darren Dietz (Broken Left Index Finger Injury)
Heat
5 vs 5 Forward
Center Left Wing Right Wing Time % Phy DF OF
1 Philip Varone Matthew Nieto Kevin Labanc 40 1 2 2
2 Victor Rask Jake DeBrusk Evgeny Svechnikov 30 1 2 2
3 Ryan Spooner Peter Cehlarik Barclay Goodrow 20 1 2 2
4 Nico Sturm Jesper Bratt Eric Karlsson 10 1 2 2
5 vs 5 Defense
Defense Defense Time % Phy DF OF
1 Mathieu Brodeur Rasmus Andersson 40 1 2 2
2 Frank Corrado Greg Pateryn 30 1 2 2
3 John Gilmour Trevor Carrick 20 1 2 2
4 Mathieu Brodeur Rasmus Andersson 10 1 2 2
PowerPlay Forward
Center Left Wing Right Wing Time % Phy DF OF
1 Victor Rask Matthew Nieto Kevin Labanc 60 1 2 2
2 Philip Varone Jake DeBrusk Evgeny Svechnikov 40 1 2 2
PowerPlay Defense
Defense Defense Time % Phy DF OF
1 Mathieu Brodeur Rasmus Andersson 60 1 2 2
2 Frank Corrado Greg Pateryn 40 1 2 2
Penalty Kill 4 Players Forward
Center Wing Time % Phy DF OF
1 Philip Varone Jake DeBrusk 60 1 2 2
2 Nico Sturm Evgeny Svechnikov 40 1 2 2
Penalty Kill 4 Players Defense
Defense Defense Time % Phy DF OF
1 Mathieu Brodeur Rasmus Andersson 60 1 2 2
2 Frank Corrado Greg Pateryn 40 1 2 2
Penalty Kill - 3 Players Forward
Forward Time % Phy DF OF
1 Matthew Nieto 60 1 2 2
2 Kevin Labanc 40 1 2 2
Penalty Kill - 3 Players Defense
Defense Defense Time % Phy DF OF
1 Mathieu Brodeur Rasmus Andersson 60 1 2 2
2 Frank Corrado Greg Pateryn 40 1 2 2
4 vs 4 Forward
Center Wing Time % Phy DF OF
1 Victor Rask Matthew Nieto 60 1 2 2
2 Philip Varone Kevin Labanc 40 1 2 2
4 vs 4 Defense
Defense Defense Time % Phy DF OF
1 Mathieu Brodeur Rasmus Andersson 60 1 2 2
2 Frank Corrado Greg Pateryn 40 1 2 2
Last Minutes Offensive
Center Left Wing Right Wing Defense Defense
Philip Varone Matthew Nieto Kevin Labanc Mathieu Brodeur Rasmus Andersson
Last Minutes Defensive
Center Left Wing Right Wing Defense Defense
Philip Varone Matthew Nieto Kevin Labanc Mathieu Brodeur Rasmus Andersson
Goaltenders
Starting : Michael Hutchinson
Backup : Vitek Vanecek
Extra Forwards
Normal : Ryan Spooner, Nico Sturm, Peter Cehlarik - PP : Ryan Spooner, Nico Sturm - PK : Peter Cehlarik
Extra Defensemen
Normal : John Gilmour, Trevor Carrick, Frank Corrado - PP : John Gilmour - PK : Trevor Carrick, Frank Corrado
Penalty Shots
Matthew Nieto, Jake DeBrusk, Kevin Labanc, Evgeny Svechnikov, Victor Rask
Scratches
Alexander True (Healthy), Brandon Hickey (Healthy), Chris Brown (Healthy), Christian Jaros (Healthy), Dominik Masin (Healthy)
Petteri Lindbohm (Healthy), Ryan Donato (Healthy), Vladislav Kamenev (Healthy), Tage Thompson (Healthy), Radim Zohorna (Healthy)
Nathan Lieuwen (Healthy), Collin Delia (Healthy)
% Time on Ice - Devils
Lines # - Real PCT - Wanted PCT - Time Play
Normal Forward
1 - 35% - 40% - 17:51
2 - 28% - 30% - 14:01
3 - 23% - 20% - 11:31
4 - 15% - 10% - 7:27
Normal Defense
1 - 39% - 40% - 19:38
2 - 32% - 30% - 16:23
3 - 20% - 20% - 10:08
4 - 9% - 10% - 4:41
PP Forward
1 - 64% - 60% - 5:05
2 - 36% - 40% - 2:54
PP Defense
1 - 68% - 60% - 5:25
2 - 32% - 40% - 2:34
PK Forward
1 - 100% - 60% - 0:48
2 - 0% - 40% - 0:00
PK Defense
1 - 81% - 60% - 0:39
2 - 19% - 40% - 0:09
PK3 Forward
1 - 0% - 60%
2 - 0% - 40%
PK3 Defense
1 - 0% - 60%
2 - 0% - 40%
44 Forward
1 - 0% - 60%
2 - 0% - 40%
44 Defense
1 - 0% - 60%
2 - 0% - 40%
Last Minute Offensive - 0:00
Last Minute Defensive - 0:23
Total
Forward - 60:00
Defense - 60:00
|
% Time on Ice - Heat
Lines # - Real PCT - Wanted PCT - Time Play
Normal Forward
1 - 36% - 40% - 18:04
2 - 26% - 30% - 13:28
3 - 24% - 20% - 12:00
4 - 14% - 10% - 7:18
Normal Defense
1 - 39% - 40% - 19:41
2 - 33% - 30% - 16:42
3 - 24% - 20% - 12:02
4 - 5% - 10% - 2:25
PP Forward
1 - 88% - 60% - 0:42
2 - 13% - 40% - 0:06
PP Defense
1 - 100% - 60% - 0:48
2 - 0% - 40% - 0:00
PK Forward
1 - 79% - 60% - 6:17
2 - 21% - 40% - 1:42
PK Defense
1 - 73% - 60% - 5:50
2 - 27% - 40% - 2:09
PK3 Forward
1 - 0% - 60%
2 - 0% - 40%
PK3 Defense
1 - 0% - 60%
2 - 0% - 40%
44 Forward
1 - 0% - 60%
2 - 0% - 40%
44 Defense
1 - 0% - 60%
2 - 0% - 40%
Last Minute Offensive - 0:23
Last Minute Defensive - 0:00
Total
Forward - 60:00
Defense - 60:00
|
Play-by-Play
1st period
0:01 of 1st period - Philip Varone wins face-off versus Sam Bennett in neutral zone.
0:09 of 1st period - Brandon Carlo is hit by Mathieu Brodeur and loses puck.
0:44 of 1st period - Snap shot by Philip Varone.
0:44 of 1st period - Shot Blocked by Brett Seney.
1:09 of 1st period - Ben Hutton is hit by Rasmus Andersson and loses puck.
1:34 of 1st period - Brandon Carlo is hit by Rasmus Andersson and loses puck.
1:39 of 1st period - Wrist shot by Matthew Nieto.
1:39 of 1st period - Stopped by Calvin Pickard with a rebound.
1:51 of 1st period - Snap shot by Matthew Nieto.
1:51 of 1st period - Deflect By Brandon Carlo.
1:51 of 1st period - Shot Blocked by Brandon Carlo.
1:51 of 1st period - Puck is out of play.
1:52 of 1st period - Sam Bennett wins face-off versus Victor Rask in Devils zone.
2:19 of 1st period - Jonny Brodzinski is hit by Frank Corrado and loses puck.
2:47 of 1st period - Snap shot by Jesper Bratt.
2:47 of 1st period - Stopped by Calvin Pickard without a rebound.
2:48 of 1st period - Victor Rask wins face-off versus Logan Shaw in Devils zone.
2:51 of 1st period - Snap shot by Evgeny Svechnikov.
2:51 of 1st period - Stopped by Calvin Pickard with a rebound.
3:38 of 1st period - Nico Sturm is hit by Joonas Donskoi and loses puck.
4:13 of 1st period - Off-side.
4:14 of 1st period - Ryan Spooner wins face-off versus Brett Howden in neutral zone.
4:21 of 1st period - Backhand shot by Barclay Goodrow.
4:21 of 1st period - Shot Misses the Net.
4:39 of 1st period - Sven Baertschi is hit by Nico Sturm and loses puck.
4:50 of 1st period - Wrist shot by Jesper Bratt.
4:50 of 1st period - Stopped by Calvin Pickard without a rebound.
4:51 of 1st period - Reid Boucher wins face-off versus Victor Rask in Devils zone.
4:58 of 1st period - Reid Boucher is hit by Victor Rask and loses puck.
5:05 of 1st period - Trevor Carrick is hit by Robbie Russo.
5:38 of 1st period - Off-side.
5:39 of 1st period - Ryan Spooner wins face-off versus Alan Quine in neutral zone.
6:04 of 1st period - Sam Bennett is hit by Frank Corrado and loses puck.
6:43 of 1st period - Ilya Lyubushkin is hit by John Gilmour and loses puck.
7:04 of 1st period - Christian Wolanin is hit by Frank Corrado and loses puck.
7:13 of 1st period - Peter Cehlarik is hit by Valeri Nichushkin and loses puck.
7:26 of 1st period - Sam Bennett is hit by Victor Rask and loses puck.
7:31 of 1st period - Wrist shot by Evgeny Svechnikov.
7:31 of 1st period - Deflect By Jake DeBrusk.
7:31 of 1st period - Shot Misses the Net.
7:31 of 1st period - Puck is out of play.
7:32 of 1st period - Sam Bennett wins face-off versus Philip Varone in Devils zone.
7:32 of 1st period - Sam Bennett is hit by Matthew Nieto.
8:05 of 1st period - Wrist shot by Joonas Donskoi.
8:05 of 1st period - Stopped by Michael Hutchinson without a rebound.
8:06 of 1st period - Alan Quine wins face-off versus Victor Rask in Heat zone.
8:31 of 1st period - Matthew Nieto is hit by Logan Shaw and loses puck.
8:56 of 1st period - Wrist shot by Ryan Spooner.
8:56 of 1st period - Stopped by Calvin Pickard with a rebound.
8:58 of 1st period - Wrist shot by Frank Corrado.
8:58 of 1st period - Stopped by Calvin Pickard with a rebound.
9:00 of 1st period - Slapshot by Greg Pateryn.
9:00 of 1st period - Stopped by Calvin Pickard without a rebound.
9:01 of 1st period - Philip Varone wins face-off versus Sam Bennett in Devils zone.
9:35 of 1st period - Wrist shot by Valeri Nichushkin.
9:35 of 1st period - Shot Blocked by Jake DeBrusk.
10:27 of 1st period - Christian Wolanin is hit by Matthew Nieto and loses puck.
10:34 of 1st period - Wrist shot by Logan Shaw.
10:34 of 1st period - Stopped by Michael Hutchinson without a rebound.
10:35 of 1st period - Philip Varone wins face-off versus Alan Quine in Heat zone.
10:40 of 1st period - Snap shot by Kevin Labanc.
10:40 of 1st period - Stopped by Calvin Pickard with a rebound.
10:42 of 1st period - Slapshot by Matthew Nieto.
10:42 of 1st period - Stopped by Calvin Pickard with a rebound.
10:44 of 1st period - Snap shot by Matthew Nieto.
10:44 of 1st period - Stopped by Calvin Pickard with a rebound.
10:46 of 1st period - Slapshot by John Gilmour.
10:46 of 1st period - Shot Blocked by Jake Bean.
10:50 of 1st period - Wrist shot by Matthew Nieto.
10:50 of 1st period - Shot Blocked by Valeri Nichushkin.
11:06 of 1st period - Wrist shot by Jake DeBrusk.
11:06 of 1st period - Goal by Jake DeBrusk - Devils : 0 - Heat : 1.
11:07 of 1st period - Sam Bennett wins face-off versus Philip Varone in neutral zone.
11:29 of 1st period - Brandon Carlo is hit by Philip Varone and loses puck.
11:56 of 1st period - Backhand shot by Kevin Labanc.
11:56 of 1st period - Stopped by Calvin Pickard with a rebound.
12:14 of 1st period - Snap shot by Sam Bennett.
12:14 of 1st period - Shot Misses the Net.
12:16 of 1st period - Snap shot by Logan Shaw.
12:16 of 1st period - Shot Misses the Net.
12:24 of 1st period - Mathieu Brodeur is hit by Logan Shaw and loses puck.
12:29 of 1st period - Snap shot by Sven Baertschi.
12:29 of 1st period - Shot Misses the Net.
12:33 of 1st period - Wrist shot by Logan Shaw.
12:33 of 1st period - Shot Blocked by Kevin Labanc.
12:35 of 1st period - Snap shot by Sven Baertschi.
12:35 of 1st period - Shot Blocked by Rasmus Andersson.
12:37 of 1st period - Snap shot by Sam Bennett.
12:37 of 1st period - Stopped by Michael Hutchinson with a rebound.
12:43 of 1st period - Wrist shot by Sam Bennett.
12:43 of 1st period - Stopped by Michael Hutchinson without a rebound.
12:44 of 1st period - Victor Rask wins face-off versus Alan Quine in Heat zone.
13:10 of 1st period - Valeri Nichushkin is hit by Victor Rask and loses puck.
13:19 of 1st period - Slapshot by Joonas Donskoi.
13:19 of 1st period - Stopped by Michael Hutchinson without a rebound.
13:20 of 1st period - Reid Boucher wins face-off versus Ryan Spooner in Heat zone.
13:31 of 1st period - Wrist shot by Reid Boucher.
13:31 of 1st period - Stopped by Michael Hutchinson with a rebound.
13:33 of 1st period - Snap shot by Brett Seney.
13:33 of 1st period - Shot Blocked by Ryan Spooner.
13:35 of 1st period - Slapshot by Conor Garland.
13:35 of 1st period - Shot Blocked by Trevor Carrick.
14:08 of 1st period - Victor Rask is hit by Alan Quine.
14:46 of 1st period - Wrist shot by Evgeny Svechnikov.
14:46 of 1st period - Shot Misses the Net.
15:00 of 1st period - Slapshot by Ben Hutton.
15:00 of 1st period - Shot Blocked by Barclay Goodrow.
15:42 of 1st period - Slapshot by John Gilmour.
15:42 of 1st period - Stopped by Calvin Pickard with a rebound.
15:46 of 1st period - Wrist shot by Jesper Bratt.
15:46 of 1st period - Stopped by Calvin Pickard with a rebound.
16:03 of 1st period - Rasmus Andersson is hit by Conor Garland and loses puck.
16:18 of 1st period - Wrist shot by Ryan Spooner.
16:18 of 1st period - Deflect By Barclay Goodrow.
16:18 of 1st period - Goal by Barclay Goodrow - Devils : 0 - Heat : 2.
16:19 of 1st period - Sam Bennett wins face-off versus Philip Varone in neutral zone.
16:45 of 1st period - Minor Penalty to Mathieu Brodeur for Interference.
16:46 of 1st period - Sam Bennett wins face-off versus Philip Varone in Heat zone.
18:39 of 1st period - Sam Bennett is hit by Nico Sturm and loses puck.
18:45 of 1st period - Penalty to Mathieu Brodeur is over, Mathieu Brodeur is back on ice.
18:48 of 1st period - Snap shot by Evgeny Svechnikov.
18:48 of 1st period - Stopped by Calvin Pickard without a rebound.
18:49 of 1st period - Ryan Spooner wins face-off versus Reid Boucher in Devils zone.
19:14 of 1st period - Jonny Brodzinski is hit by Jesper Bratt.
Goals for this period are 0 for Devils vs 2 for Heat.
Shots for this period are 6 for Devils vs 16 for Heat.
2nd period
0:01 of 2nd period - Philip Varone wins face-off versus Sam Bennett in neutral zone.
1:23 of 2nd period - Snap shot by Jonny Brodzinski.
1:23 of 2nd period - Goal by Jonny Brodzinski - Devils : 1 - Heat : 2.
1:24 of 2nd period - Philip Varone wins face-off versus Sam Bennett in neutral zone.
1:37 of 2nd period - Backhand shot by Kevin Labanc.
1:37 of 2nd period - Stopped by Calvin Pickard without a rebound.
1:38 of 2nd period - Alan Quine wins face-off versus Victor Rask in Devils zone.
2:20 of 2nd period - Mathieu Brodeur is hit by Sam Bennett.
2:30 of 2nd period - Greg Pateryn is hit by Reid Boucher and loses puck.
2:49 of 2nd period - Trevor Carrick is hit by Brandon Carlo and loses puck.
2:56 of 2nd period - Ben Hutton is hit by Eric Karlsson and loses puck.
3:12 of 2nd period - Off-side.
3:13 of 2nd period - Alan Quine wins face-off versus Victor Rask in neutral zone.
3:28 of 2nd period - Backhand shot by Joonas Donskoi.
3:28 of 2nd period - Shot Blocked by Frank Corrado.
3:49 of 2nd period - Wrist shot by Jake DeBrusk.
3:49 of 2nd period - Deflect By Victor Rask.
3:49 of 2nd period - Stopped by Calvin Pickard with a rebound.
3:59 of 2nd period - Snap shot by Jake DeBrusk.
3:59 of 2nd period - Shot Blocked by Joonas Donskoi.
4:21 of 2nd period - Joonas Donskoi is hit by Jake DeBrusk and loses puck.
4:38 of 2nd period - Wrist shot by Victor Rask.
4:38 of 2nd period - Shot Misses the Net.
4:40 of 2nd period - Slapshot by Greg Pateryn.
4:40 of 2nd period - Shot Blocked by Dalton Thrower.
4:42 of 2nd period - Slapshot by Greg Pateryn.
4:42 of 2nd period - Deflect By Evgeny Svechnikov.
4:42 of 2nd period - Goal by Evgeny Svechnikov - Devils : 1 - Heat : 3.
4:43 of 2nd period - Sam Bennett wins face-off versus Philip Varone in neutral zone.
4:52 of 2nd period - Slapshot by Logan Shaw.
4:52 of 2nd period - Stopped by Michael Hutchinson without a rebound.
4:53 of 2nd period - Sam Bennett wins face-off versus Philip Varone in Heat zone.
4:58 of 2nd period - Wrist shot by Logan Shaw.
4:58 of 2nd period - Goal by Logan Shaw - Devils : 2 - Heat : 3.
4:59 of 2nd period - Philip Varone wins face-off versus Sam Bennett in neutral zone.
5:47 of 2nd period - Snap shot by Frank Corrado.
5:47 of 2nd period - Shot Misses the Net.
5:49 of 2nd period - Wrist shot by Nico Sturm.
5:49 of 2nd period - Stopped by Calvin Pickard with a rebound.
5:51 of 2nd period - Wrist shot by Nico Sturm.
5:51 of 2nd period - Shot Blocked by Robbie Russo.
6:15 of 2nd period - Brett Howden is hit by Evgeny Svechnikov and loses puck.
6:32 of 2nd period - Snap shot by Ryan Spooner.
6:32 of 2nd period - Stopped by Calvin Pickard with a rebound.
6:47 of 2nd period - Icing by Robbie Russo.
6:48 of 2nd period - Sam Bennett wins face-off versus Philip Varone in Devils zone.
7:21 of 2nd period - Ben Hutton is hit by Philip Varone and loses puck.
8:02 of 2nd period - Snap shot by Kevin Labanc.
8:02 of 2nd period - Stopped by Calvin Pickard without a rebound.
8:03 of 2nd period - Victor Rask wins face-off versus Sam Bennett in Devils zone.
8:17 of 2nd period - Snap shot by Sam Bennett.
8:17 of 2nd period - Deflect By Sven Baertschi.
8:17 of 2nd period - Stopped by Michael Hutchinson with a rebound.
8:19 of 2nd period - Slapshot by Ilya Lyubushkin.
8:19 of 2nd period - Stopped by Michael Hutchinson without a rebound.
8:20 of 2nd period - Ryan Spooner wins face-off versus Alan Quine in Heat zone.
8:20 of 2nd period - Ryan Spooner is hit by Dalton Thrower.
8:29 of 2nd period - Minor Penalty to Ilya Lyubushkin for High sticking.
8:30 of 2nd period - Victor Rask wins face-off versus Sam Bennett in Devils zone.
8:34 of 2nd period - Slapshot by Matthew Nieto.
8:34 of 2nd period - Shot Misses the Net.
8:36 of 2nd period - Wrist shot by Rasmus Andersson.
8:36 of 2nd period - Deflect By Victor Rask.
8:36 of 2nd period - Shot Blocked by Brandon Carlo.
8:36 of 2nd period - Puck is out of play.
8:37 of 2nd period - Sam Bennett wins face-off versus Victor Rask in Devils zone.
9:13 of 2nd period - Snap shot by Jake DeBrusk.
9:13 of 2nd period - Goal by Jake DeBrusk - Devils : 2 - Heat : 4.
9:14 of 2nd period - Alan Quine wins face-off versus Philip Varone in neutral zone.
9:28 of 2nd period - Off-side.
9:29 of 2nd period - Sam Bennett wins face-off versus Victor Rask in neutral zone.
9:36 of 2nd period - Snap shot by Sven Baertschi.
9:36 of 2nd period - Stopped by Michael Hutchinson with a rebound.
9:38 of 2nd period - Slapshot by Logan Shaw.
9:38 of 2nd period - Stopped by Michael Hutchinson without a rebound.
9:39 of 2nd period - Victor Rask wins face-off versus Sam Bennett in Heat zone.
10:02 of 2nd period - Slapshot by Sven Baertschi.
10:02 of 2nd period - Stopped by Michael Hutchinson without a rebound.
10:03 of 2nd period - Alan Quine wins face-off versus Philip Varone in Heat zone.
10:12 of 2nd period - Wrist shot by Alan Quine.
10:12 of 2nd period - Shot Blocked by Matthew Nieto.
10:30 of 2nd period - Brett Seney is hit by Barclay Goodrow and loses puck.
10:37 of 2nd period - Snap shot by Peter Cehlarik.
10:37 of 2nd period - Stopped by Calvin Pickard without a rebound.
10:38 of 2nd period - Sam Bennett wins face-off versus Victor Rask in Devils zone.
10:45 of 2nd period - Brandon Carlo is hit by Mathieu Brodeur and loses puck.
10:50 of 2nd period - Wrist shot by Sam Bennett.
10:50 of 2nd period - Stopped by Michael Hutchinson with a rebound.
10:52 of 2nd period - Slapshot by Ben Hutton.
10:52 of 2nd period - Stopped by Michael Hutchinson without a rebound.
10:53 of 2nd period - Valeri Nichushkin wins face-off versus Philip Varone in Heat zone.
10:57 of 2nd period - Minor Penalty to Philip Varone for Holding.
10:58 of 2nd period - Peter Cehlarik wins face-off versus Sam Bennett in Heat zone.
10:58 of 2nd period - Peter Cehlarik is hit by Sam Bennett.
11:34 of 2nd period - Slapshot by Alan Quine.
11:34 of 2nd period - Goal by Alan Quine - Devils : 3 - Heat : 4.
11:35 of 2nd period - Sam Bennett wins face-off versus Philip Varone in neutral zone.
11:40 of 2nd period - Snap shot by Logan Shaw.
11:40 of 2nd period - Stopped by Michael Hutchinson without a rebound.
11:41 of 2nd period - Philip Varone wins face-off versus Sam Bennett in Heat zone.
12:36 of 2nd period - Backhand shot by Jake DeBrusk.
12:36 of 2nd period - Stopped by Calvin Pickard with a rebound.
13:05 of 2nd period - Icing by Brett Howden.
13:06 of 2nd period - Philip Varone wins face-off versus Sam Bennett in Devils zone.
13:21 of 2nd period - Wrist shot by Kevin Labanc.
13:21 of 2nd period - Stopped by Calvin Pickard with a rebound.
13:33 of 2nd period - Snap shot by Barclay Goodrow.
13:33 of 2nd period - Stopped by Calvin Pickard without a rebound.
13:34 of 2nd period - Alan Quine wins face-off versus Peter Cehlarik in Devils zone.
13:34 of 2nd period - Alan Quine is hit by Barclay Goodrow.
14:10 of 2nd period - Snap shot by Matthew Nieto.
14:10 of 2nd period - Stopped by Calvin Pickard without a rebound.
14:11 of 2nd period - Sam Bennett wins face-off versus Philip Varone in Devils zone.
15:54 of 2nd period - Frank Corrado is hit by Logan Shaw and loses puck.
16:11 of 2nd period - Slapshot by Greg Pateryn.
16:11 of 2nd period - Shot Blocked by Christian Wolanin.
16:13 of 2nd period - Slapshot by Greg Pateryn.
16:13 of 2nd period - Stopped by Calvin Pickard without a rebound.
16:14 of 2nd period - Valeri Nichushkin wins face-off versus Philip Varone in Devils zone.
16:19 of 2nd period - Snap shot by Valeri Nichushkin.
16:19 of 2nd period - Shot Misses the Net.
16:21 of 2nd period - Slapshot by Ben Hutton.
16:21 of 2nd period - Stopped by Michael Hutchinson with a rebound.
16:23 of 2nd period - Snap shot by Valeri Nichushkin.
16:23 of 2nd period - Stopped by Michael Hutchinson without a rebound.
16:24 of 2nd period - Alan Quine wins face-off versus Philip Varone in Heat zone.
16:25 of 2nd period - Snap shot by Joonas Donskoi.
16:25 of 2nd period - Stopped by Michael Hutchinson with a rebound.
16:27 of 2nd period - Slapshot by Alan Quine.
16:27 of 2nd period - Shot Misses the Net.
17:03 of 2nd period - Slapshot by Joonas Donskoi.
17:03 of 2nd period - Shot Blocked by Rasmus Andersson.
17:05 of 2nd period - Slapshot by Ben Hutton.
17:05 of 2nd period - Shot Blocked by Kevin Labanc.
17:07 of 2nd period - Slapshot by Ben Hutton.
17:07 of 2nd period - Shot Blocked by Mathieu Brodeur.
17:11 of 2nd period - Wrist shot by Alan Quine.
17:11 of 2nd period - Stopped by Michael Hutchinson without a rebound.
17:12 of 2nd period - Victor Rask wins face-off versus Sam Bennett in Heat zone.
17:45 of 2nd period - Nico Sturm is hit by Conor Garland and loses puck.
18:16 of 2nd period - Greg Pateryn is hit by Sam Bennett and loses puck.
18:23 of 2nd period - Slapshot by Logan Shaw.
18:23 of 2nd period - Shot Misses the Net.
18:53 of 2nd period - Snap shot by Jesper Bratt.
18:53 of 2nd period - Shot Misses the Net.
18:55 of 2nd period - Snap shot by Eric Karlsson.
18:55 of 2nd period - Shot Misses the Net.
18:57 of 2nd period - Slapshot by Greg Pateryn.
18:57 of 2nd period - Deflect By Conor Garland.
18:57 of 2nd period - Stopped by Calvin Pickard without a rebound.
18:58 of 2nd period - Sam Bennett wins face-off versus Philip Varone in Devils zone.
18:58 of 2nd period - Sam Bennett is hit by Matthew Nieto.
19:05 of 2nd period - Minor Penalty to Matthew Nieto for Holding.
19:06 of 2nd period - Philip Varone wins face-off versus Sam Bennett in Heat zone.
19:32 of 2nd period - Rasmus Andersson is hit by Valeri Nichushkin and loses puck.
19:41 of 2nd period - Wrist shot by Joonas Donskoi.
19:41 of 2nd period - Stopped by Michael Hutchinson with a rebound.
Goals for this period are 3 for Devils vs 2 for Heat.
Shots for this period are 17 for Devils vs 14 for Heat.
3rd period
0:01 of 3rd period - Philip Varone wins face-off versus Sven Baertschi in neutral zone.
0:04 of 3rd period - Brandon Carlo is hit by Philip Varone and loses puck.
0:39 of 3rd period - Slapshot by Joonas Donskoi.
0:39 of 3rd period - Stopped by Michael Hutchinson with a rebound.
1:05 of 3rd period - Penalty to Matthew Nieto is over, Matthew Nieto is back on ice.
1:16 of 3rd period - Off-side.
1:17 of 3rd period - Ryan Spooner wins face-off versus Brett Howden in neutral zone.
1:24 of 3rd period - Trevor Carrick is hit by Dalton Thrower and loses puck.
2:23 of 3rd period - Rasmus Andersson is hit by Brett Seney and loses puck.
2:52 of 3rd period - Brett Howden is hit by Peter Cehlarik and loses puck.
3:11 of 3rd period - Wrist shot by Matthew Nieto.
3:11 of 3rd period - Stopped by Calvin Pickard without a rebound.
3:12 of 3rd period - Victor Rask wins face-off versus Sam Bennett in Devils zone.
3:37 of 3rd period - Matthew Nieto is hit by Brandon Carlo.
4:08 of 3rd period - Minor Penalty to Nico Sturm for Interference.
4:09 of 3rd period - Sam Bennett wins face-off versus Philip Varone in Heat zone.
4:14 of 3rd period - Wrist shot by Logan Shaw.
4:14 of 3rd period - Shot Misses the Net.
4:16 of 3rd period - Snap shot by Sven Baertschi.
4:16 of 3rd period - Stopped by Michael Hutchinson with a rebound.
4:18 of 3rd period - Wrist shot by Ben Hutton.
4:18 of 3rd period - Stopped by Michael Hutchinson without a rebound.
4:19 of 3rd period - Philip Varone wins face-off versus Sam Bennett in Heat zone.
4:50 of 3rd period - Snap shot by Sven Baertschi.
4:50 of 3rd period - Shot Misses the Net.
5:17 of 3rd period - Wrist shot by Logan Shaw.
5:17 of 3rd period - Goal by Logan Shaw - Devils : 4 - Heat : 4.
5:18 of 3rd period - Ryan Spooner wins face-off versus Alan Quine in neutral zone.
5:35 of 3rd period - Peter Cehlarik is hit by Dalton Thrower and loses puck.
5:48 of 3rd period - Slapshot by Frank Corrado.
5:48 of 3rd period - Stopped by Calvin Pickard with a rebound.
6:08 of 3rd period - Dalton Thrower is hit by Rasmus Andersson and loses puck.
6:33 of 3rd period - Snap shot by Sven Baertschi.
6:33 of 3rd period - Stopped by Michael Hutchinson without a rebound.
6:34 of 3rd period - Ryan Spooner wins face-off versus Sam Bennett in Heat zone.
6:39 of 3rd period - Sam Bennett is hit by Barclay Goodrow and loses puck.
6:55 of 3rd period - Minor Penalty to John Gilmour for Hooking.
6:56 of 3rd period - Philip Varone wins face-off versus Sam Bennett in Heat zone.
7:11 of 3rd period - Wrist shot by Logan Shaw.
7:11 of 3rd period - Goal by Logan Shaw - Devils : 5 - Heat : 4.
7:12 of 3rd period - Philip Varone wins face-off versus Sam Bennett in neutral zone.
8:01 of 3rd period - Barclay Goodrow is hit by Dalton Thrower and loses puck.
8:12 of 3rd period - Barclay Goodrow is hit by Conor Garland and loses puck.
8:48 of 3rd period - Peter Cehlarik is hit by Logan Shaw and loses puck.
9:05 of 3rd period - Wrist shot by Peter Cehlarik.
9:05 of 3rd period - Shot Misses the Net.
9:07 of 3rd period - Slapshot by Greg Pateryn.
9:07 of 3rd period - Shot Misses the Net.
9:09 of 3rd period - Slapshot by Greg Pateryn.
9:09 of 3rd period - Deflect By Joonas Donskoi.
9:09 of 3rd period - Stopped by Calvin Pickard without a rebound.
9:10 of 3rd period - Philip Varone wins face-off versus Logan Shaw in Devils zone.
9:11 of 3rd period - Wrist shot by Kevin Labanc.
9:11 of 3rd period - Shot Misses the Net.
10:00 of 3rd period - John Gilmour is hit by Ben Hutton and loses puck.
10:41 of 3rd period - Slapshot by Victor Rask.
10:41 of 3rd period - Stopped by Calvin Pickard with a rebound.
12:12 of 3rd period - Wrist shot by Alan Quine.
12:12 of 3rd period - Stopped by Michael Hutchinson without a rebound.
12:13 of 3rd period - Philip Varone wins face-off versus Sam Bennett in Heat zone.
12:13 of 3rd period - Philip Varone is hit by Sven Baertschi.
12:21 of 3rd period - Snap shot by Sam Bennett.
12:21 of 3rd period - Stopped by Michael Hutchinson without a rebound.
12:22 of 3rd period - Philip Varone wins face-off versus Sam Bennett in Heat zone.
12:28 of 3rd period - Wrist shot by Sam Bennett.
12:28 of 3rd period - Deflect By Sven Baertschi.
12:28 of 3rd period - Shot Hit the Post.
12:28 of 3rd period - Puck is out of play.
12:29 of 3rd period - Philip Varone wins face-off versus Sam Bennett in Heat zone.
12:54 of 3rd period - Alan Quine is hit by Peter Cehlarik and loses puck.
13:23 of 3rd period - Greg Pateryn is hit by Jonny Brodzinski and loses puck.
13:42 of 3rd period - Slapshot by Ilya Lyubushkin.
13:42 of 3rd period - Stopped by Michael Hutchinson without a rebound.
13:43 of 3rd period - Philip Varone wins face-off versus Reid Boucher in Heat zone.
14:26 of 3rd period - Minor Penalty to Trevor Carrick for Roughing.
14:27 of 3rd period - Philip Varone wins face-off versus Sam Bennett in Heat zone.
16:26 of 3rd period - Penalty to Trevor Carrick is over, Trevor Carrick is back on ice.
16:32 of 3rd period - Slapshot by Conor Garland.
16:32 of 3rd period - Shot Misses the Net.
16:34 of 3rd period - Slapshot by Robbie Russo.
16:34 of 3rd period - Stopped by Michael Hutchinson without a rebound.
16:35 of 3rd period - Ryan Spooner wins face-off versus Reid Boucher in Heat zone.
16:44 of 3rd period - Reid Boucher is hit by Ryan Spooner and loses puck.
16:45 of 3rd period - Reid Boucher from Devils is injured at 16:45 of 3rd period (Sore Left Knee).
16:46 of 3rd period - Philip Varone wins face-off versus Valeri Nichushkin in Devils zone.
17:13 of 3rd period - Evgeny Svechnikov is hit by Brandon Carlo and loses puck.
17:46 of 3rd period - Snap shot by Alan Quine.
17:46 of 3rd period - Stopped by Michael Hutchinson without a rebound.
17:47 of 3rd period - Philip Varone wins face-off versus Valeri Nichushkin in Heat zone.
17:56 of 3rd period - Snap shot by Brett Seney.
17:56 of 3rd period - Stopped by Michael Hutchinson without a rebound.
17:57 of 3rd period - Kevin Labanc wins face-off versus Valeri Nichushkin in Heat zone.
17:57 of 3rd period - Kevin Labanc is hit by Dalton Thrower.
19:28 of 3rd period - Wrist shot by Logan Shaw.
19:28 of 3rd period - Stopped by Michael Hutchinson with a rebound.
19:30 of 3rd period - Snap shot by Ilya Lyubushkin.
19:30 of 3rd period - Shot Blocked by Eric Karlsson.
19:32 of 3rd period - Snap shot by Sven Baertschi.
19:32 of 3rd period - Stopped by Michael Hutchinson without a rebound.
19:33 of 3rd period - Dan Bylsma call a timeout for Heat.
19:33 of 3rd period - Philip Varone wins face-off versus Valeri Nichushkin in Heat zone.
19:33 of 3rd period - Philip Varone is hit by Ben Hutton.
19:42 of 3rd period - Off-side.
19:43 of 3rd period - Philip Varone wins face-off versus Valeri Nichushkin in neutral zone.
19:48 of 3rd period - Heat, Michael Hutchinson is pulled from the net.
19:55 of 3rd period - Minor Penalty to Conor Garland for Tripping.
19:56 of 3rd period - Sam Bennett wins face-off versus Matthew Nieto in Devils zone.
Goals for this period are 2 for Devils vs 0 for Heat.
Shots for this period are 14 for Devils vs 4 for Heat.